 Dungeon Crawl Stone Soup version 0.29-a0-321-gf1c400731a (webtiles) character file.

Game seed: 11521337669851367917

384 SkeletonJelly the Slasher (level 6, -2/56 HPs)
             Began as a Draconian Monk on Apr 4, 2022.
             Was an Initiate of Yredelemnul.
             Shot with an arrow by a centaur (6 damage)
             ... on level 5 of the Dungeon.
             The game lasted 00:07:25 (5187 turns).

SkeletonJelly the Slasher (Draconian Monk)          Turns: 5187, Time: 00:07:25

Health: -2/56      AC:  6    Str: 15    XL:     6   Next: 47%
Magic:  0/6        EV: 13    Int: 10    God:    Yredelemnul [......]
Gold:   178        SH:  0    Dex: 16    Spells: 5/5 levels left

rFire   . . .      SeeInvis .   a - +0 falchion
rCold   . . .      Faith    .   (no shield)
rNeg    . . .      Spirit   +   (body armour unavailable)
rPois   .          Reflect  .   (helmet restricted)
rElec   .          Harm     .   (no cloak)
rCorr   .          Rampage  .   (no gloves)
Will    .....                   (no boots)
Stlth   ++........              j - amulet of guardian spirit
HPRegen 0.18/turn               (no ring)
MPRegen 0.10/turn               (no ring)

@: no status effects
A: AC +6, unfitting armour, cold-blooded, agile 1, sense surroundings 1,
screaming 1
a: Renounce Religion, Recall Undead Harvest


You were on level 5 of the Dungeon.
You worshipped Yredelemnul.
Yredelemnul was noncommittal.
You visited 1 branch of the dungeon, and saw 5 of its levels.

You collected 178 gold pieces.

Inventory:

Hand Weapons
 a - a +0 falchion (weapon)
Missiles
 r - 2 poisoned darts (quivered)
Jewellery
 j - an amulet of guardian spirit (around neck)
Wands
 q - a wand of polymorph (9)
Scrolls
 c - 2 scrolls of teleportation
 e - 5 scrolls of identify {unknown}
 f - 4 scrolls of immolation {unknown}
 i - a scroll of amnesia {unknown}
 l - a scroll of blinking {unknown}
 t - a scroll of vulnerability {unknown}
 u - a scroll of silence {unknown}
Potions
 b - a potion of ambrosia
 d - 2 potions of mutation
 g - 3 potions of curing
 h - a potion of brilliance {unknown}
 k - a potion of heal wounds {unknown}
 m - a potion of magic {unknown}
 n - 2 potions of lignification
 o - 2 potions of attraction {unknown}
 p - a potion of haste {unknown}
 s - a potion of cancellation {unknown}


   Skills:
 + Level 5.3 Fighting
 * Level 6.3 Long Blades
 - Level 2.6 Dodging
 - Level 1.7 Stealth


You had 5 spell levels left.
You didn't know any spells.
Your spell library contained the following spells:

 Spells                   Type           Power      Damage    Failure   Level
 Corpse Rot               Necr/Air       0%         N/A       50%         2
 Dispel Undead            Necr           0%         3d6       98%         4
 Death Channel            Necr           Unusable   N/A       N/A         6

Dungeon Overview and Level Annotations

Branches:
Dungeon (5/15)
 Temple: D:4-7

Altars:
Yredelemnul

Annotations:
D:5 Pikel


Innate Abilities, Weirdness & Mutations

Your plain brown scales are hard. (AC +6)
You cannot fit into any form of body armour.
You are cold-blooded and may be slowed by cold attacks.
You are agile. (Dex +2)
You passively map a small area around you.
You occasionally shout uncontrollably at your foes.


Message History

You hear a zap.
You hear a grinding noise.
t - a scroll labelled ATISOAMUKI
u - a scroll labelled JALUHO QOKALL You open the door.
There is an open door here.
f - 4 scrolls labelled HOIQONNO PYZXOO (gained 1)
An orc comes into view. It is wielding a +0 falchion.
You yell at the orc!
You hear a shout! x3
An orc is nearby!
An orc is nearby!
An orc comes into view. It is wielding a +0 short sword.
An orc wizard comes into view. It is wielding a +0 dagger.
You closely miss the orc wizard. Your punch misses the orc wizard.
The orc wizard hits you with a +0 dagger.
You take 3 damage, and have 53/56 hp.
You hit the orc wizard but do no damage.
The orc wizard hits you but does no damage.
You hit the orc wizard.
The orc wizard is heavily wounded.
The orc hits you with a +0 falchion.
The orc wizard hits you with a +0 dagger.
You take 5 damage, and have 48/56 hp.
You hit the orc wizard. You tail-slap the orc wizard.
The orc wizard is almost dead.
The orc closely misses you.
The orc wizard hits you with a +0 dagger.
You take 1 damage, and have 47/56 hp.
You barely miss the orc wizard.
The orc wizard is almost dead.
The orc hits you but does no damage. The orc wizard completely misses you.
You hit the orc wizard but do no damage.
Your tail-slap misses the orc wizard.
The orc wizard is almost dead.
The orc barely misses you. The orc wizard closely misses you.
You hit the orc wizard but do no damage.
The orc wizard is almost dead.
The orc hits you with a +0 falchion.
The orc wizard hits you with a +0 dagger.
You take 2 damage, and have 45/56 hp.
You now have 5/6 mp.
You barely miss the orc wizard.
The orc wizard is almost dead.
The orc hits you with a +0 falchion. The orc wizard casts a spell at you.
The puff of flame hits you.
You take 7 damage, and have 38/56 hp.
You now have 4/6 mp.
You barely miss the orc wizard.
Your tail-slap misses the orc wizard.
The orc wizard is almost dead.
The orc closely misses you.
The orc wizard gestures at you while chanting.
The puff of flame hits you.
You take 1 damage, and have 37/56 hp.
You closely miss the orc wizard.
Your tail-slap misses the orc wizard.
The orc wizard is almost dead.
The orc hits you but does no damage.
The orc wizard hits you but does no damage.
You hit the orc wizard.
You kill the orc wizard!
A black mist starts to gather...
The orc hits you with a +0 falchion.
You take 1 damage, and have 36/56 hp.
You slash the orc!
You kill the orc!
The orc closely misses you.
A centaur comes into view.
You hit the orc but do no damage. You punch the orc.
The orc is heavily wounded.
The orc hits you with a +0 falchion.
The centaur wields a +0 shortbow.
The centaur shoots an arrow.
The arrow hits you!
You take 13 damage, and have 23/56 hp.
MASSIVE DAMAGE!!
You now have 2/6 mp.
You are too injured to fight recklessly!
You are too injured to fight recklessly!
You are too injured to fight recklessly!
You are too injured to fight recklessly!
You are too injured to fight recklessly!
You are too injured to fight recklessly!
You are too injured to fight recklessly!
You are too injured to fight recklessly!
You hit the orc.
You kill the orc!
A black mist starts to gather...
The centaur shoots an arrow.
The arrow hits you.
The centaur shoots an arrow.
The arrow hits your orc wizard zombie!
You take 5 damage, and have 18/56 hp.
The centaur shoots an arrow.
The arrow hits your orc wizard zombie!
There is an open door here.
The centaur shoots an arrow.
The arrow hits your orc zombie!
Your orc zombie is destroyed!
The centaur unwields a +0 shortbow.
The centaur hits your orc wizard zombie.
The centaur kicks your orc wizard zombie.
Your orc wizard zombie is destroyed!
The centaur wields a +0 shortbow.
The centaur shoots an arrow.
The arrow hits you.
* * * LOW HITPOINT WARNING * * *
The centaur shoots an arrow.
The arrow hits you!
* * * LOW HITPOINT WARNING * * *
You take 17 damage, and have 3/56 hp.
MASSIVE DAMAGE!!
You now have 1/6 mp.
The centaur shoots an arrow.
The arrow hits you!
You die...
Your body rises from the dead as a mindless zombie.

, #.# #.........)c ,
*#.. #.# ##....c###)≈
#.. #.# ##...## .. ,
#.. #.# ##'## *.♣ , ..
#.######.## *#≈ #.
#...c..c..# ≈ *
*#.###.##..#####..# . *
#.........####...######
####..@..............#
#...##.##..........
######.........##.#
####......# # ##.#.###*
#.#.# #.#.#**
#############.... ,
#..........####.#*###*


You could see a centaur.

Vanquished Creatures
  Menkaure (D:3)
  A hound (D:4)
  An orc priest (D:2)
  An orc wizard (D:5)
  3 gnolls (D:4)
  5 adders
  3 worms
  5 dart slugs
  6 orcs
  4 ball pythons
  8 bats
  6 endoplasms
  4 giant cockroaches
  2 goblins
  9 hobgoblins
  3 jackals (D:3)
  A quokka (D:2)
  A frilled lizard (D:1)
  9 kobolds
  10 rats
83 creatures vanquished.

Vanquished Creatures (collateral kills)
  A dart slug (D:3)
  An orc (D:3)
  An endoplasm (D:3)
  A hobgoblin (D:2)
  2 frilled lizards
6 creatures vanquished.

Vanquished Creatures (others)
  4 bat zombies
  2 dart slug zombies
  A hobgoblin zombie (D:3)
  A jackal zombie (D:3)
  2 kobold zombies (D:2)
  2 orc zombies (D:5)
12 creatures vanquished.

Grand Total: 101 creatures vanquished

Notes
Turn   | Place    | Note
-------+----------+-------------------------------------------
     0 | D:1      | SkeletonJelly the Draconian Monk began the quest for the
                  | Orb.
     0 | D:1      | Reached XP level 1. HP: 19/19 MP: 1/1
   235 | D:1      | Reached XP level 2. HP: 20/26 MP: 2/2
   354 | D:1      | Found a faded altar of an unknown god.
   438 | D:1      | Prayed at the altar of an unknown god.
   438 | D:1      | Became a worshipper of Yredelemnul the Dark
   438 | D:1      | Reached * piety under Yredelemnul
   438 | D:1      | Reached ** piety under Yredelemnul
   776 | D:1      | Reached *** piety under Yredelemnul
   982 | D:2      | Reached XP level 3. HP: 33/33 MP: 3/3
  1075 | D:2      | Reached skill level 4 in Long Blades
  1279 | D:2      | You fall into a shaft and drop 2 floors!
  1575 | D:2      | Reached XP level 4. HP: 18/40 MP: 2/4
  3026 | D:3      | Reached skill level 5 in Long Blades
  3197 | D:3      | Reached XP level 5. HP: 47/47 MP: 5/5
  3297 | D:4      | Noticed Menkaure
  4727 | D:3      | Gained mutation: You occasionally shout uncontrollably at
                  | your foes. [potion of mutation]
  4727 | D:3      | Gained mutation: You are agile. (Dex +2) [potion of
                  | mutation]
  4727 | D:3      | Gained mutation: You passively map a small area around you.
                  | [potion of mutation]
  4746 | D:3      | Killed Menkaure
  4747 | D:3      | Reached skill level 5 in Fighting
  4747 | D:3      | Reached skill level 6 in Long Blades
  4747 | D:3      | Reached XP level 6. HP: 56/56 MP: 4/6
  4896 | D:5      | Entered Level 5 of the Dungeon
  4935 | D:5      | Noticed Pikel
  5187 | D:5      | Shot with an arrow by a centaur

Illustrated notes

Levels and vault maps discovered:
D:1:      heliophobic_arrival_dark_side_of_the_moon, layout_basic,
          shapermc_ecumenical_altar_totnotflames, chequers_avenue
D:2:      layout_loops_ring, minmay_tromino_v7
D:3:      layout_rooms, minmay_quantized
D:4:      layout_loops_ring, uniq_menkaure
D:5:      layout_loops_corners, nicolae_gozag_cash_rules_everything_around_me,
          minmay_temple_entry_wispy, serial_shops, shop, minmay_misc_feat_x,
          chequers_serial_rivers_marsh, uniq_pikel

Skill      XL: |  1  2  3  4  5 |
---------------+----------------+-----
Long Blades    | 4 5 6 |  6.3
Fighting       | 4 5 |  5.3
Dodging        | |  2.6
Stealth        | |  1.7

Action                   |  1- 3 |  4- 6 || total
-------------------------+-------+-------++-------
Melee: Falchion          |   152 |   182 ||   334
       Tailslap          |    14 |    22 ||    36
       Punch             |     2 |     1 ||     3
Invok: Recall Undead Har |       |     1 ||     1
  Use: Potion            |       |     2 ||     2
       Scroll            |       |     1 ||     1
 Stab: Sleeping          |     5 |     6 ||    11
       Distracted        |       |     1 ||     1
Armor: Skin              |    48 |    44 ||    92
Dodge: Dodged            |   101 |   103 ||   204

Table legend: (Time is in decaauts)
 A = Elapsed time spent in this place.
 B = Non-inter-level travel time spent in this place.
 C = Inter-level travel time spent in this place.
 D = Time resting spent in this place.
 E = Time spent auto-exploring this place.
 F = Levels seen in this place.
 G = Mean time per level.
                   A        B        C        D        E       F      G
               +--------+--------+--------+--------+--------+-----+--------+
         Total |   5227 |   4897 |    330 |      0 |   4081 |   5 | 1045.4 |
       Dungeon |   5227 |   4897 |    330 |      0 |   4081 |   5 | 1045.4 |
               +--------+--------+--------+--------+--------+-----+--------+

Top non-repeatable levels by time:
     D:4: 1403 daAuts
     D:2: 1346 daAuts
     D:3: 1225 daAuts
     D:1: 1137 daAuts
     D:5: 115 daAuts
